Unix NetHack Version 5.0.0-0 post-release - last build May 31 2026 23:59:36 (970b52f25bf058293b47ddfd14a1e40e571c508c,branch:main).

Game began 2026-06-07 18:39:33, ended 2026-06-07 21:43:38.

Jobair, lawful female dwarven Archeologist

                            -------            -----
                            |.....|--     ------...|
                            |.....+.|     |.....%0.|
                          --|.....|-|     |..0.0.0.|
                          |.+.....+.|   ----.-------
                          |.|.....|-|  --.0...0...|
                          |.|.....+.|  |.0.0......|
                          |.|.....|--  |...0......|
                          |.|------   --------.-----
                          |.|         |.0....M.....|
                          |.|         |.....)0@*...|
                          |.|         |----.--------
                          |.|         |.......0.0.|
                          |.|         |...........|
                          |.|         ------.-------
                          |.----------------.......|
                          |.^^^^^^^^^^^^^..^......>|
                          --------------------------
Jobair the Investigator    St:10 Dx:11 Co:13 In:16 Wi:13 Ch:12  Lawful
Dlvl:5  $:228 HP:0(53) Pw:20(20) AC:-2 Xp:9 T:10801  Burdened

Latest messages:
 You see here 14 rocks.
 You feel strong!
 You must have been exercising diligently.
 You hit the earth elemental!
 The earth elemental hits!
 You miss the earth elemental.
 The earth elemental hits!
 What do you want to zap?
 In what direction? 4
 The wand hits the earth elemental!
 The earth elemental resists!
 The boulder falls apart.
 What do you want to zap?
 A lit field surrounds you!
 You miss the earth elemental.
 You hit the earth elemental!
 You hit the earth elemental!
 The earth elemental turns to flee.
 You hit the earth elemental!
 You hit the earth elemental.
 You kill the earth elemental!
 You see here 14 rocks.
 You see here 46 rocks.
 There is an ogre lady corpse here; eat it? [ynq] (n) y
 This ogre lady corpse is gamey.
 You finish eating the ogre lady corpse.
 With great effort you move the boulder.
 You see here 14 rocks.
 The giant mummy hits!
 The giant mummy hits again!
 You hit the giant mummy!
 You hit the giant mummy!
 The giant mummy misses!
 The giant mummy hits!
 You hit the giant mummy!
 The giant mummy hits!
 The giant mummy misses!
 You hit the giant mummy.
 The giant mummy hits!
 The giant mummy hits again!
 The giant mummy misses!
 The giant mummy hits!
 The giant mummy hits!
 The giant mummy hits again!
 You die...
 Do you want your possessions identified? [ynq] (y) y
 Do you want to see your attributes? [ynq] (y) y
 Do you want an account of creatures vanquished? [ynaq] (y) y
 Do you want to see your conduct and achievements? [ynq] (y) y
 Do you want to see the dungeon overview? [ynq] (y) y

Inventory:
 Coins    ('$')
  $ - 228 gold pieces
 Weapons  (')')
  z - a +0 aklys (alternate weapon; not wielded)
  a - the rustproof +2 Trollsbane (weapon in right hand)
 Armor    ('[')
  J - an uncursed +0 dwarvish iron helm (being worn)
  Y - an uncursed +0 pair of speed boots (being worn)
  s - an uncursed +0 large shield (being worn)
  W - an uncursed +0 oilskin cloak (being worn)
  F - an uncursed +0 dwarvish mithril-coat (being worn)
 Comestibles  ('%')
  f - an uncursed lizard corpse
 Scrolls  ('?')
  D - 2 cursed scrolls of earth
 Rings    ('=')
  O - a cursed ring of hunger
 Wands    ('/')
  A - a wand of digging (0:3)
  E - a wand of light (0:13)
  I - a wand of probing (0:5)
  m - a wand of speed monster (0:0)
  B - a wand of striking (0:4)
 Tools    ('(')
  b - an uncursed sack containing 1 item
  c - an uncursed leash
  M - an uncursed magic lamp
  e - a +0 pick-axe
  k - an uncursed skeleton key
  i - a +0 unicorn horn
 Gems/Stones  ('*')
  g - an uncursed touchstone

Contents of the sack:
  319 gold pieces

Jobair the Archeologist's attributes:

Background:
 You were an Investigator, a level 9 female dwarven Archeologist.
 You were lawful, on a mission for Quetzalcoatl
 who was opposed by Camaxtli (neutral) and Huhetotl (chaotic).
 You were right-handed.
 You were in Sokoban, on level 5.
 You entered the dungeon 10801 turns ago.
 You had 2974 experience points, 2146 more were needed to attain level 10.

Basics:
 You had 0 out of 53 hit points.
 You had all 20 energy points (spell power).
 Your armor class was -2.
 Your wallet contained 228 zorkmids, and
 you had 319 more stashed away in your pack.
 Autopickup was off.

Final Characteristics:
 Your strength was 10 (peak:14, limit:18/100).
 Your dexterity was 11 (peak:12, limit:20).
 Your constitution was 13 (peak:14, limit:20).
 Your intelligence was 16 (limit:16).
 Your wisdom was 13 (limit:16).
 Your charisma was 12 (limit:16).

Final Status:
 You weren't hungry.
 You were burdened; movement was slightly slowed.
 You were wielding a morning star.
 You had basic skill with morning star.

Final Attributes:
 You were piously aligned.
 You were telepathic.
 You had automatic searching.
 You had infravision.
 You were stealthy.
 You regenerated.
 You were guarded.
 You were very fast.
 You were unlucky.
 You are dead.

Miscellaneous:
 You didn't encounter any bones levels.
 Total elapsed playing time was 1 hour, 45 minutes and 36 seconds.

Major events:
 Turn
    1: Jobair the lawful female dwarven Archeologist entered the dungeon
  990: attained the rank of Field Worker (level 3)
 2559: was bestowed with Trollsbane by Quetzalcoatl
 3181: entered the Gnomish Mines
 4250: reached Mine Town
 4532: attained the rank of Investigator (level 6)
 9339: entered Sokoban
 9625: completed 1st Sokoban level
 9900: completed 2nd Sokoban level
10335: completed 3rd Sokoban level
10801: killed by a giant mummy

You didn't know any spells.

Skills:
 Fighting Skills
   bare handed combat [Unskilled]
   two weapon combat  [Unskilled]
   riding             [Unskilled]
 Weapon Skills
   dagger             [Unskilled]
   knife              [Unskilled]
   pick-axe           [Basic]
   short sword        [Unskilled]
   saber              [Unskilled]
   club               [Basic]
   morning star       [Basic]
   quarterstaff       [Unskilled]
   sling              [Unskilled]
   dart               [Unskilled]
   boomerang          [Unskilled]
   whip               [Basic]
   unicorn horn       [Unskilled]
 Spellcasting Skills
   attack spells      [Unskilled]
   healing spells     [Unskilled]
   divination spells  [Unskilled]
   matter spells      [Unskilled]

Voluntary challenges:
 Character rerolling was not enabled.
 You never genocided any monsters.
 You never polymorphed an object.
 You never changed form.
 You used no wishes.
 You violated the special Sokoban rules twice.
Achievements:
 You entered a shop.
 You attained the rank of Field Worker.
 You entered the Gnomish Mines.
 You entered Minetown.
 You attained the rank of Investigator.
 You entered a temple.
 You entered Sokoban.

 The Dungeons of Doom: levels 1 to 9
    Level 1:
       Many altars, a fountain.
    Level 2:
       A weapon shop, some fountains.
    Level 3:
    Level 4:
       Many fountains.
       Stairs down to The Gnomish Mines.
    Level 5:
       A fountain.
    Level 6:
       Some fountains, a sink.
    Level 7:
    Level 8:
       Many fountains.
    Level 9:
       An altar.
       Stairs up to Sokoban, level 8.
 The Gnomish Mines: levels 5 to 7
    Level 5:
    Level 6:
    Level 7:
       Many shops, a temple and an altar to Quetzalcoatl, many fountains.
 Sokoban: levels 8 up to 5
    Level 5: <- You were here.
       Unsolved.
       Final resting place for
          you, killed by a giant mummy.
    Level 6:
       Solved.
    Level 7:
       Solved.
    Level 8:
       Solved.


Vanquished creatures:
  a ghost
  2 giant mimics
  a large mimic
 an earth elemental
  a small mimic
  a xan
 an ogre leader
  a large dog
  a large cat
  a cobra
  2 watchmen
  a giant beetle
  a quivering blob
  a panther
  2 leprechauns
  2 giant spiders
  2 scorpions
  a horse
  a baby long worm
 an orc mummy
  2 brown puddings
 an owlbear
  a yeti
  a lizard
  a black unicorn
  5 dust vortices
  a raven
  4 apes
  4 human zombies
  a rope golem
  2 imps
  a water nymph
  3 ponies
  a fog cloud
  2 yellow lights
  a violet fungus
  3 gnome leaders
  2 gnomish wizards
  2 kobold mummies
  a ghoul
  2 straw golems
  2 giant ants
  a little dog
  4 floating eyes
  3 kittens
  3 dwarves
  a kobold leader
  a kobold shaman
  7 hill orcs
  2 rothes
  a giant bat
  a wererat
  a werejackal
  7 iguanas
 10 killer bees
  2 acid blobs
  a coyote
  3 gas spores
  3 hobbits
 14 manes
  a large kobold
  2 hobgoblins
 12 giant rats
  4 cave spiders
  5 yellow molds
  a green mold
  a red mold
 21 gnomes
  a gnome zombie
  7 geckos
 12 jackals
  6 foxes
  a kobold
  3 goblins
  2 sewer rats
 14 grid bugs
  8 bats
 12 lichens
  a kobold zombie
 10 newts
257 creatures vanquished.

No species were genocided or became extinct.

Game over:
                       ----------
                      /          \
                     /    REST    \
                    /      IN      \
                   /     PEACE      \
                  /                  \
                  |      Jobair      |
                  |      547 Au      |
                  |   killed by a    |
                  |   giant mummy    |
                  |                  |
                  |                  |
                  |       2026       |
                 *|     *  *  *      | *
        _________)/\\_//(\/(/\)/\//\/|_)_______

Goodbye Jobair the Archeologist...

You died in Sokoban on dungeon level 5 with 12809 points,
and 547 pieces of gold, after 10801 moves.
You were level 9 with a maximum of 53 hit points when you died.

